 Dungeon Crawl Stone Soup version 0.31-a0-881-ge136f0c47a (webtiles) character file.

Game seed: 7194949033021622813

59 jlumianski the Shooter (level 4, -1/25 HPs)
             Began as a Kobold Hexslinger on Oct 16, 2023.
             Slain by a cerulean imp
             ... wielding a +2 spear
             ... summoned by Natasha
              (4 damage)
             ... on level 2 of the Dungeon.
             The game lasted 00:17:44 (1274 turns).

jlumianski the Shooter (Kobold Hexslinger)          Turns: 1274, Time: 00:17:44

Health: -1/25      AC:  4    Str:  5    XL:     4   Next: 22%
Magic:  5/5        EV: 15    Int: 14    God:
Gold:   71         SH:  0    Dex: 19    Spells: 3/5 levels left

rFire   . . .        a - +1 sling
rCold   . . .        (no shield)
rNeg    . . .        c - +0 robe
rPois   .            (no helmet)
rElec   .            (no cloak)
rCorr   .            l - +1 pair of gloves
SInv    .            (no boots)
Will    .....        (no amulet)
Stlth   +++          (no ring)
HPRegen 0.24/turn    (no ring)
MPRegen 0.09/turn

%: no passive effects
@: slowed, very slow
A: small, no large weapons, nightstalker 3
a: no special abilities


You were on level 2 of the Dungeon.
You visited 1 branch of the dungeon, and saw 3 of its levels.

You collected 71 gold pieces.

Inventory:

Hand Weapons
 a - a +1 sling (weapon)
Armour
 c - a +0 robe (worn)
 l - a +1 pair of gloves (worn)
Magical Staves
 k - a staff of air
Scrolls
 b - a scroll of poison
 d - a scroll of fear {unknown}
 e - a scroll of identify {unknown}
 f - a scroll of noise {unknown}
 g - a scroll of silence {unknown}
 j - a scroll of teleportation {unknown}
Potions
 h - a potion of berserk rage {unknown}
 i - a potion of haste {unknown}


   Skills:
 + Level 1.3 Fighting
 + Level 4.0 Ranged Weapons
 + Level 2.6 Dodging
 * Level 2.0 Stealth
 + Level 1.3 Spellcasting
 + Level 3.5 Hexes
 + Level 1.0 Fire Magic


You had 3 spell levels left.
You knew the following spells:

 Your Spells              Type           Power      Damage    Failure   Level
a - Jinxbite              Hex            20%        N/A       9%          2

Your spell library contained the following spells:

 Spells                   Type           Power      Damage    Failure   Level
 Sigil of Binding         Hex            10%        N/A       19%         3
 Apportation              Tloc           0%         N/A       26%         1
 Necrotise                Necr           0%         1d4       26%         1
 Summon Small Mammal      Summ           0%         N/A       26%         1
 Inner Flame              Hex/Fire       7%         N/A       30%         3
 Lesser Beckoning         Tloc           0%         N/A       36%         2
 Gell's Gravitas          Tloc           0%         N/A       61%         3
 Teleport Other           Tloc           0%         N/A       61%         3
 Cause Fear               Hex            5%         N/A       52%         4
 Dimensional Bullseye     Hex/Tloc       2%         N/A       77%         4


Dungeon Overview and Level Annotations

Branches:
Dungeon (3/15)

Altars:

Annotations:
D:2 Natasha, Robin


Innate Abilities, Weirdness & Mutations

You are small and have problems with some larger weapons.
You are completely attuned to the shadows.


Message History

Robin shouts!
Natasha mumbles some strange words.
Robin roars a battlecry!
The goblin goes into a battle-frenzy!
The goblin attacks as it pursues you! The goblin closely misses you.
Natasha casts a spell.
The goblin misses you. Robin throws the goblin at you!
The goblin barely misses you.
You shoot a sling bullet. The sling bullet hits the goblin!
You kill the goblin!
The cerulean imp hits you from afar with a +2 spear.
Natasha casts a spell at you. The magic dart hits you!
The cerulean imp hits you from afar with a +2 spear.
Natasha attacks as she pursues you! Natasha claws you.
The cerulean imp attacks as it pursues you!
The cerulean imp hits you but does no damage.
The cerulean imp attacks as it pursues you!
The cerulean imp closely misses you.
The cerulean imp hits you but does no damage.
Natasha casts a spell at you. The magic dart hits you!
* * * LOW HITPOINT WARNING * * *
The cerulean imp barely misses you.
There is an open door here.
Things that are here:
a +0 dagger; a hobgoblin corpse
Okay, then.
Unknown command.
Okay, then.
The cerulean imp attacks as it pursues you!
The cerulean imp completely misses you.
The cerulean imp attacks as it pursues you!
The cerulean imp hits you from afar with a +2 spear.
* * * LOW HITPOINT WARNING * * *
Robin flexes a bicep menacingly.
Natasha wildly gestures.
Natasha glows brightly for a moment.
Natasha barely misses you.
The cerulean imp hits you from afar with a +2 spear.
You die...

..........# #.# .r........#
####'###### ..........#
#.........# ..........#
#.........# ...............#
#.........# g..............#
#.........# ....$..........#
#.÷.......#
...†$.........5#####.........#
.......)......5h@))'.........#
..............g#####.........#
...............# #......†..#
...............# #..÷......#
.....#####..#### #.(.......#
###########


You could see Robin, Natasha and 2 cerulean imps.

Vanquished Creatures
  An adder (D:2)
  2 endoplasms
  2 giant cockroaches (D:1)
  8 goblins
  5 hobgoblins
  A quokka (D:1)
  11 ball pythons
  7 bats
  2 frilled lizards (D:1)
  5 kobolds
  2 rats (D:2)
46 creatures vanquished.

Notes
Turn   | Place    | Note
-------+----------+-------------------------------------------
     0 | D:1      | jlumianski the Kobold Hexslinger began the quest for the
                  | Orb.
     0 | D:1      | Reached XP level 1. HP: 12/12 MP: 2/2
    52 | D:1      | Reached XP level 2. HP: 11/16 MP: 3/3
   120 | D:1      | Reached skill level 1 in Stealth
   235 | D:1      | Found a faded altar of an unknown god.
   289 | D:1      | Reached skill level 3 in Ranged Weapons
   390 | D:1      | Reached XP level 3. HP: 20/20 MP: 4/4
   430 | D:2      | Learned a level 2 spell: Jinxbite
  1217 | D:2      | Reached XP level 4. HP: 25/25 MP: 3/5
  1237 | D:2      | Reached skill level 4 in Ranged Weapons
  1265 | D:2      | Noticed Natasha
  1265 | D:2      | Noticed Robin
  1274 | D:2      | Slain by a cerulean imp

Illustrated notes

Levels and vault maps discovered:
D:1:      minmay_arrival_open_corners, layout_loops_ring,
          shapermc_ecumenical_altar_mp_highgroup
D:2:      layout_basic, uniq_robin, uniq_natasha
D:3:      layout_rooms, lemuel_coloured_pillars_altar

Skill      XL: |  1  2  3  4 |
---------------+-------------+-----
Stealth        | 1 2 |  2.0
Ranged Weapons | 3 4 |  4.0
Fighting       | |  1.3
Dodging        | |  2.6
Spellcasting   | |  1.3
Hexes          | |  3.5
Fire Magic     | |  1.0

Action                     |  1- 3 |  4- 6 || total
---------------------------+-------+-------++-------
   Fire: Sling             |    86 |    12 ||    98
   Cast: Jinxbite          |    12 |     1 ||    13
 Armour: Robe              |    25 |    10 ||    35
  Dodge: Dodged            |    59 |    14 ||    73

Table legend: (Time is in decaauts)
 A = Elapsed time spent in this place.
 B = Non-inter-level travel time spent in this place.
 C = Inter-level travel time spent in this place.
 D = Time resting spent in this place.
 E = Time spent auto-exploring this place.
 F = Levels seen in this place.
 G = Mean time per level.
                   A        B        C        D        E       F      G
               +--------+--------+--------+--------+--------+-----+--------+
         Total |   1301 |   1257 |     44 |    165 |    602 |   3 |  433.7 |
       Dungeon |   1301 |   1257 |     44 |    165 |    602 |   3 |  433.7 |
               +--------+--------+--------+--------+--------+-----+--------+

Top non-repeatable levels by time:
     D:1: 891 daAuts
     D:2: 398 daAuts
     D:3: 10 daAuts
